 Dungeon Sprint DCSS version 0.17-a0-1642-gd4b747b (webtiles) character file.

71585 Kidiri the Impregnable (level 14, -11/140 HPs)
             Began as a Minotaur Fighter on Aug 8, 2015.
             Was a High Priest of Okawaru.
             Killed by an exploding ball lightning (18 damage)
             ... created by Lom Lobon
             ... in the Dungeon (Sprint VII: "The Pits").
             The game lasted 00:58:06 (6443 turns).

Kidiri the Impregnable (Minotaur Fighter)           Turns: 6443, Time: 00:58:06

Health: -11/140    AC: 36    Str: 25    XL:     14   Next: 98%
Magic:  20/20      EV: 14    Int:  7    God:    Okawaru [*****.]
Gold:   94         SH: 27    Dex:  6    Spells: 0 memorised, 13 levels left

rFire  + + .     SeeInvis .     c - +2 eveningstar (holy)
rCold  + + .     Clarity  +     g - +2 gold dragon armour
rNeg   . . .     SustAt   .     h - +1 large shield
rPois  +         Gourm    +     (helmet unavailable)
rElec  .         Spirit   .     (no cloak)
rCorr  .         Warding  .     e - +1 pair of gloves {archery}
rMut   .         NoTele   +     f - +1 pair of boots
MR     +....                    E - amulet of the gourmand
Stlth  ..........               d - ring of the Serpent {rPois rF+ rC+ Dex-5}
                                j - +3 ring of evasion

@: liquid flames, heroism, finesse, very slightly contaminated, hasted, glowing,
very quick, somewhat resistant to hostile enchantments, extremely unstealthy
A: retaliatory headbutt, horns 3, molten scales 1, camouflage 1, clarity, clever
1, poison resistance, evolution 1
a: Heroism, Finesse, Renounce Religion


You were in the Dungeon.
You worshipped Okawaru.
Okawaru was extremely pleased with you.
You were not hungry.

You visited 1 branch You collected 94 gold pieces.

Inventory:

Hand weapons
 a - the +3 demon whip of the Dragonfly {freeze, +Inv rC+ MP+9}
   (Okawaru gifted it to you in the Dungeon)

   It has been specially enchanted to freeze those struck by it, causing extra
   injury to most foes and up to half again as much damage against particularly
   susceptible opponents.
   It can also slow down cold-blooded creatures.
   It protects you from cold.
   It affects your magic capacity (+9).
   It lets you turn invisible.
 b - the +3 flail "Buax" {venom, rElec Int+3}
   (Okawaru gifted it to you in the Dungeon)

   It poisons the flesh of those it strikes.
   It affects your intelligence (+3).
   It insulates you from electricity.
 c - a +2 eveningstar of holy wrath (weapon)
Missiles
 n - 4 javelins of penetration (quivered)
 J - 8 throwing nets
Armour
 e - a +1 pair of gloves of archery (worn)
 f - a +1 pair of boots (worn)
 g - a +2 gold dragon armour (worn)
 h - a +1 large shield (worn)
 i - the +0 hat of Cihogriw {-Tele rElec Str+3}
   (Okawaru gifted it to you in the Dungeon)

   It affects your strength (+3).
   It insulates you from electricity.
   It prevents most forms of teleportation.
Jewellery
 d - the ring of the Serpent (right hand) {rPois rF+ rC+ Dex-5}
   (You took it off a deep elf fighter in the Dungeon)

   [ring of poison resistance]

   It affects your dexterity (-5).
   It protects you from fire.
   It protects you from cold.
   It protects you from poison.
 j - a +3 ring of evasion (left hand)
 E - an amulet of the gourmand (around neck)
Scrolls
 o - 4 scrolls of remove curse
 p - 5 scrolls of amnesia
 q - a scroll of summoning
 y - a scroll of fear
 A - 2 scrolls of fog
 B - 4 scrolls of recharging
Potions
 r - 2 potions of berserk rage
 t - a potion of brilliance
 u - a potion of agility
 v - 3 potions of cure mutation
 C - 2 potions of haste
 D - 4 potions of magic
Comestibles
 k - 11 chunks of flesh
 l - 40 fruits
 m - 6 meat rations
 x - 9 bread rations
 H - 12 royal jellies


   Skills:
 + Level 17.3(22.3) Fighting
 * Level 22.7(27) Maces & Flails
 * Level 22.8(27) Armour
 + Level 15.8(20.8) Dodging
 * Level 22.7(27) Shields
 - Level 10.4 Invocations
 + Level 10.2 Evocations


You had 13 spell levels left.
You didn't know any spells.

Dungeon Overview and Level Annotations

Branches:
Dungeon (1/1)

Altars:
Ashenzari
Cheibriados
Dithmenos
Elyvilon
Fedhas
Gozag
Kikubaaqudgha
Makhleb
Nemelex Xobeh
Okawaru
Qazlal
Ru
Sif Muna
Trog
Vehumet
Xom
Yredelemnul
Zin
The Shining One
Beogh
Jiyva
Lugonu

Annotations:
D Lom Lobon


Innate Abilities, Weirdness & Mutations

You reflexively headbutt those who attack you in melee.
You have a pair of large horns on your head.
You are partially covered in molten scales (AC +1).
Your skin changes colour to match your surroundings (Stealth).
You possess an exceptional clarity of mind.
Your mind is acute. (Int +2)
Your system is resistant to poisons.
You evolve.


Message History

Lom Lobon gestures.
You block the alligator snapping turtle's attack. 3 ball lightnings come into view.
Unknown command.
You sock Lom Lobon!
Lom Lobon convulses.
Lom Lobon is almost dead.
You are covered in liquid flames!
You block the fire giant's attack. You block the spriggan rider's attack.
Unknown command.
You aren't carrying any items that can be evoked.
Unknown command.
Unknown command.
Unknown command.
Unknown command.
You miss Lom Lobon.
Lom Lobon is almost dead.
You are covered in liquid flames!
The ball lightning explodes!
The blast of lightning engulfs you!
You die...

###################
.....#....#[.......#
..........#........# ..
#§§§§#........#
#s###§§§.+.......:#
#...§§§..#######.##
#.###§.##§............#
.......##t..§.........#
.......@d##t#####.#####
'###.#.C&#§§§§.#......##
#.i.).§§§...)....##
#..*#*..§..)...).##
.§§....#.....#))...)÷'
..§.#...#§[.=.#.....[''
#######################
#######################
#....................++


You could see Lom Lobon, an alligator snapping turtle, a mottled draconian, a
fire giant, a spriggan rider, a wolf spider and 2 ball lightnings.

Vanquished Creatures
  A Killer Klown (D)
  2 bone dragons (D)
  2 orc warlords (D)
  2 balrugs (D)
  Maud (D)
  A ghost moth (D)
  A draconian zealot (D)
  An angel (D)
  A green draconian (D)
  A deep elf demonologist (D)
  An ophan (D)
  Azrael (D)
  A deep elf annihilator (D)
  A deep elf death mage (D)
  An ogre mage (D)
  A merfolk impaler (D)
  Josephine (D)
  A vault guard (D)
  A rakshasa (D)
  2 hydras (D)
  A hell beast (D)
  4 naga warriors (D)
  A merfolk aquamancer (D)
  A great orb of eyes (D)
  A death knight (D)
  An alligator (D)
  A centaur warrior (D)
  5 death yaks (D)
  A sun demon (D)
  2 fire crabs (D)
  5 deep elf knights (D)
  5 hell knights (D)
  A sea snake (D)
  3 deep trolls (D)
  A phantasmal warrior (D)
  A wizard (D)
  A deep elf summoner (D)
  3 harpies (D)
  16 orc knights (D)
  2 necromancers (D)
  A cyclops (D)
  2 orc sorcerers (D)
  A guardian serpent (shapeshifter) (D)
  A spiny frog (D)
  A naga mage (D)
  3 guardian serpents (D)
  A molten gargoyle (D)
  2 rust devils (D)
  An eye of devastation (D)
  2 komodo dragons (D)
  A demonic crawler (D)
  A hellwing (D)
  A fire drake (D)
  2 deep elf priests (D)
  5 merfolk (D)
  A giant leech (D)
  A freezing wraith (D)
  2 trolls (D)
  A bog body (D)
  A shadow (D)
  2 two-headed ogres (D)
  A snapping turtle (D)
  5 redbacks (D)
  A ynoxinul (D)
  2 spriggans (D)
  A wyvern (D)
  4 fire elementals (D)
  A golden eye (D)
  2 water elementals (D)
  6 deep elf fighters (D)
  4 steam dragons (D)
  A hippogriff (D)
  A deep elf mage (D)
  A neqoxec (D)
  A porcupine (D)
  2 hell hounds (D)
  A naga (D)
  2 soldier ants (D)
  5 orc warriors (D)
  3 wolves (D)
  An eye of draining (D)
  An ice beast (D)
  2 ogres (D)
  A centaur (D)
  2 wasps (D)
  2 necrophages (D)
  2 brain worms (D)
  4 wights (D)
  A crimson imp (D)
  A hound (D)
  2 gnoll shamans (D)
  2 orc wizards (D)
  An orc priest (D)
  12 gnolls (D)
  An adder (D)
  A river rat (D)
  3 giant eyeballs (D)
  2 ufetubi (D)
  An adder skeleton (D)
  2 giant geckos (D)
  8 orcs (D)
  A ball python (D)
  A bat skeleton (D)
  3 goblins (D)
  A kobold (D)
  3 quokkas (D)
  2 giant cockroaches (D)
  A giant gecko skeleton (D)
  A jackal skeleton (D)
222 creatures vanquished.

Vanquished Creatures (others)
  A spriggan (D)
  A yaktaur (D)
  A wasp (D)
3 creatures vanquished.

Grand Total: 225 creatures vanquished

Notes
Turn   | Place    | Note
--------------------------------------------------------------
     0 | D        | Kidiri the Minotaur Fighter began the quest for the Orb.
     0 | D        | Reached XP level 1. HP: 19/19 MP: 0/0
    27 | D        | Found a sacrificial altar of Ru.
    27 | D        | Found a basalt altar of Yredelemnul.
    27 | D        | Found a shadowy altar of Dithmenos.
    27 | D        | Found a deep blue altar of Sif Muna.
    27 | D        | Found a burning altar of Makhleb.
    27 | D        | Found a shimmering altar of Xom.
    27 | D        | Found an ancient bone altar of Kikubaaqudgha.
    27 | D        | Found a sparkling altar of Nemelex Xobeh.
    28 | D        | Found a glowing golden altar of the Shining One.
    28 | D        | Found a bloodstained altar of Trog.
    28 | D        | Found a shattered altar of Ashenzari.
    28 | D        | Found a white marble altar of Elyvilon.
    28 | D        | Found a snail-covered altar of Cheibriados.
    28 | D        | Found a blossoming altar of Fedhas.
    28 | D        | Found a radiant altar of Vehumet.
    28 | D        | Found a glowing silver altar of Zin.
    28 | D        | Found a corrupted altar of Lugonu.
    28 | D        | Found a viscous altar of Jiyva.
    28 | D        | Found a roughly hewn altar of Beogh.
    28 | D        | Found an iron altar of Okawaru.
    34 | D        | Found a stormy altar of Qazlal.
    35 | D        | Found an opulent altar of Gozag.
    37 | D        | Became a worshipper of Warmaster Okawaru
    81 | D        | Reached skill level 4 in Shields
    86 | D        | Reached skill level 1 in Dodging
    86 | D        | Reached skill level 1 in Invocations
    86 | D        | Reached XP level 2. HP: 16/27 MP: 1/1
   314 | D        | Reached skill level 5 in Armour
   314 | D        | Reached skill level 5 in Shields
   314 | D        | Reached XP level 3. HP: 31/33 MP: 1/3
   343 | D        | Paralysed by a giant eyeball for 4 turns
   350 | D        | Paralysed by a giant eyeball for 3 turns
   513 | D        | Noticed a deep elf fighter
   514 | D        | Noticed a necrophage
   527 | D        | Killed a necrophage
   527 | D        | Reached skill level 5 in Fighting
   527 | D        | Reached skill level 5 in Maces & Flails
   527 | D        | Reached skill level 6 in Armour
   527 | D        | Reached XP level 4. HP: 38/42 MP: 3/5
   532 | D        | Noticed a wolf
   533 | D        | Killed a deep elf fighter
   533 | D        | Acquired Okawaru's first power
   533 | D        | Reached skill level 7 in Maces & Flails
   533 | D        | Reached skill level 8 in Armour
   533 | D        | Reached XP level 5. HP: 44/50 MP: 3/6
   534 | D        | Killed a wolf
   534 | D        | Reached XP level 6. HP: 51/58 MP: 4/8
   542 | D        | Noticed a necrophage
   546 | D        | Killed a necrophage
   546 | D        | Reached skill level 9 in Armour
   546 | D        | Reached skill level 5 in Dodging
   555 | D        | Noticed a snapping turtle
   575 | D        | Killed a snapping turtle
   575 | D        | Reached skill level 5 in Invocations
   575 | D        | Reached XP level 7. HP: 49/66 MP: 7/9
   577 | D        | Noticed a wight
   577 | D        | Noticed a wight
   577 | D        | Noticed a wight
   577 | D        | Noticed a wight
   588 | D        | Killed a wight
   595 | D        | Killed a wight
   595 | D        | Reached skill level 10 in Armour
   598 | D        | Killed a wight
   598 | D        | Reached skill level 10 in Shields
   601 | D        | Killed a wight
   770 | D        | Noticed an ice beast
   777 | D        | Killed an ice beast
   942 | D        | Noticed a bog body
   942 | D        | Noticed a freezing wraith
   951 | D        | Killed a freezing wraith
   951 | D        | Reached skill level 10 in Maces & Flails
   951 | D        | Reached XP level 8. HP: 54/74 MP: 11/11
   955 | D        | Killed a bog body
   955 | D        | Reached skill level 11 in Armour
  1029 | D        | Noticed a demonic crawler
  1029 | D        | Noticed a steam dragon
  1041 | D        | Killed a demonic crawler
  1041 | D        | Received a gift from Okawaru
  1043 | D        | Killed a steam dragon
  1127 | D        | Noticed an eye of draining
  1127 | D        | Noticed a shadow
  1127 | D        | Noticed a deep elf fighter
  1134 | D        | Killed a shadow
  1143 | D        | Killed a deep elf fighter
  1146 | D        | Killed an eye of draining
  1146 | D        | Reached XP level 9. HP: 79/82 MP: 0/12
  1336 | D        | Noticed a brain worm
  1336 | D        | Noticed a crimson imp
  1342 | D        | Noticed a gnoll shaman
  1343 | D        | Killed a brain worm
  1343 | D        | Reached skill level 12 in Armour
  1344 | D        | Killed a crimson imp
  1347 | D        | Killed a gnoll shaman
  1351 | D        | Noticed a spriggan
  1353 | D        | Killed a spriggan
  1367 | D        | Noticed a hippogriff
  1369 | D        | Killed a hippogriff
  1382 | D        | Killed a ghost moth
  1382 | D        | Reached skill level 13 in Maces & Flails
  1389 | D        | Noticed a fire drake
  1389 | D        | Noticed a rakshasa
  1389 | D        | Noticed a molten gargoyle
  1389 | D        | Noticed a centaur
  1402 | D        | Killed a molten gargoyle
  1402 | D        | Reached skill level 10 in Fighting
  1402 | D        | Reached XP level 10. HP: 61/93 MP: 0/14
  1406 | D        | Killed a fire drake
  1411 | D        | Killed a centaur
  1417 | D        | Killed a centaur
  1419 | D        | Killed a centaur
  1431 | D        | Killed a centaur
  1436 | D        | Killed a centaur
  1462 | D        | Killed a rakshasa
  1471 | D        | Killed a rakshasa
  1476 | D        | Killed a rakshasa
  1476 | D        | Acquired Okawaru's second power
  1737 | D        | Noticed an eye of devastation
  1737 | D        | Noticed a soldier ant
  1737 | D        | Noticed a rust devil
  1742 | D        | Noticed a ynoxinul
  1742 | D        | Noticed a brain worm
  1749 | D        | Killed a rust devil
  1749 | D        | Reached skill level 14 in Armour
  1752 | D        | Killed a soldier ant
  1754 | D        | Killed a brain worm
  1754 | D        | Received a gift from Okawaru
  1755 | D        | Got an ancient hat {god gift}
  1761 | D        | Identified the +0 hat of Cihogriw {-Tele rElec Str+3} (Okawaru gifted it to you in the Dungeon)
  1762 | D        | Killed a ynoxinul
  1769 | D        | Killed an eye of devastation
  1774 | D        | Noticed a komodo dragon
  1774 | D        | Noticed a porcupine
  1774 | D        | Noticed a gnoll shaman
  1774 | D        | Noticed an orc knight
  1774 | D        | Noticed an orc warrior
  1774 | D        | Noticed an orc sorcerer
  1774 | D        | Noticed an orc wizard
  1775 | D        | Noticed a sixfirhy
  1775 | D        | Noticed a wasp
  1775 | D        | Noticed a deep troll
  1776 | D        | Noticed a komodo dragon
  1776 | D        | Noticed an orc warrior
  1776 | D        | Noticed a giant leech
  1777 | D        | Killed a sixfirhy
  1778 | D        | Noticed an eight-headed hydra
  1779 | D        | Noticed an orc warrior
  1782 | D        | Noticed a deep elf knight
  1786 | D        | Killed an orc wizard
  1788 | D        | Killed a gnoll shaman
  1790 | D        | Killed a porcupine
  1795 | D        | Killed a komodo dragon
  1799 | D        | Noticed an ice devil
  1799 | D        | Killed an orc warrior
  1808 | D        | Killed an eight-headed hydra
  1817 | D        | Killed a komodo dragon
  1822 | D        | Killed a deep troll
  1822 | D        | Reached skill level 15 in Armour
  1822 | D        | Reached skill level 10 in Dodging
  1822 | D        | Reached XP level 11. HP: 74/102 MP: 10/16
  1829 | D        | Killed a giant leech
  1829 | D        | Reached skill level 15 in Shields
  1836 | D        | Noticed an ice devil
  1846 | D        | Killed a deep elf knight
  1846 | D        | Reached skill level 15 in Maces & Flails
  1851 | D        | Killed an orc warrior
  1854 | D        | Killed an orc sorcerer
  1877 | D        | Killed a wasp
  1898 | D        | Killed an orc knight
  1904 | D        | Killed an orc warrior
  2058 | D        | Gained mutation: Your system is resistant to poisons. [potion of beneficial mutation]
  2224 | D        | Noticed a centaur warrior
  2224 | D        | Noticed a merfolk aquamancer
  2224 | D        | Noticed a water elemental
  2224 | D        | Noticed a merfolk
  2224 | D        | Noticed a naga
  2224 | D        | Noticed a fire elemental
  2225 | D        | Noticed a death yak
  2228 | D        | Killed a fire elemental
  2229 | D        | Noticed a naga warrior
  2232 | D        | Killed a naga
  2235 | D        | Noticed a naga mage
  2240 | D        | Killed a naga warrior
  2242 | D        | Noticed a steam dragon
  2244 | D        | Killed a water elemental
  2247 | D        | Noticed a death yak
  2251 | D        | Noticed a sun demon
  2253 | D        | Noticed a troll
  2257 | D        | Killed a death yak
  2257 | D        | Reached skill level 16 in Armour
  2263 | D        | Killed a merfolk aquamancer
  2266 | D        | Killed a naga mage
  2268 | D        | Noticed a soldier ant
  2273 | D        | Killed a merfolk
  2275 | D        | Killed a soldier ant
  2280 | D        | Noticed a neqoxec
  2282 | D        | Noticed a death yak
  2286 | D        | Killed a centaur warrior
  2286 | D        | Reached skill level 10 in Invocations
  2288 | D        | Killed a neqoxec
  2289 | D        | Noticed a cyclops
  2299 | D        | Killed a death yak
  2305 | D        | Killed a cyclops
  2307 | D        | Noticed a death yak
  2311 | D        | Noticed a death knight
  2312 | D        | Noticed a wolf
  2313 | D        | Noticed a phantasmal warrior
  2314 | D        | Noticed a merfolk
  2316 | D        | Noticed a water elemental
  2318 | D        | Killed a death yak
  2320 | D        | Killed a troll
  2320 | D        | Received a gift from Okawaru
  2334 | D        | Killed a phantasmal warrior
  2334 | D        | Reached XP level 12. HP: 62/113 MP: 15/18
  2342 | D        | Got a brightly glowing demon whip {god gift}
  2344 | D        | Identified the +3 demon whip of the Dragonfly {freeze, +Inv rC+ MP+9} (Okawaru gifted it to you in the Dungeon)
  2352 | D        | Noticed a spiny frog
  2355 | D        | Killed a death knight
  2355 | D        | Reached skill level 17 in Armour
  2357 | D        | Noticed an orc knight
  2362 | D        | Killed a death yak
  2362 | D        | Reached skill level 1 in Evocations
  2367 | D        | Noticed Josephine
  2368 | D        | Killed a sun demon
  2370 | D        | Noticed a wolf
  2372 | D        | Killed a wolf
  2374 | D        | Noticed a hellwing
  2376 | D        | Killed a water elemental
  2378 | D        | Killed a spiny frog
  2383 | D        | Killed a merfolk
  2393 | D        | Killed an orc knight
  2408 | D        | Killed a hellwing
  2416 | D        | Killed a wolf
  2421 | D        | Noticed a guardian serpent
  2421 | D        | Killed Josephine
  2429 | D        | Killed a guardian serpent
  2448 | D        | Killed a steam dragon
  2492 | D        | Noticed an orc sorcerer
  2498 | D        | Killed an orc sorcerer
  2504 | D        | Noticed a fire crab
  2510 | D        | Killed a fire crab
  2757 | D        | Noticed a hound
  2759 | D        | Noticed a wyvern
  2761 | D        | Killed a hound
  2766 | D        | Killed a wyvern
  2791 | D        | Noticed a deep elf fighter
  2791 | D        | Noticed a deep elf fighter
  2791 | D        | Noticed a deep elf priest
  2791 | D        | Noticed a deep elf summoner
  2791 | D        | Noticed a steam dragon
  2792 | D        | Noticed a deep elf fighter
  2794 | D        | Noticed a deep elf priest
  2798 | D        | Killed a deep elf priest
  2798 | D        | Reached skill level 18 in Armour
  2801 | D        | Killed a steam dragon
  2805 | D        | Killed a deep elf fighter
  2808 | D        | Killed a deep elf fighter
  2811 | D        | Killed a deep elf fighter
  2815 | D        | Killed a deep elf priest
  2815 | D        | Received a gift from Okawaru
  2820 | D        | Killed a deep elf summoner
  2909 | D        | Paralysed by a giant eyeball for 4 turns
  2917 | D        | Paralysed by a giant eyeball for 3 turns
  2934 | D        | Noticed a balrug
  2936 | D        | Noticed a death yak
  2948 | D        | Killed a balrug
  2955 | D        | Killed a death yak
  3151 | D        | Noticed a deep troll
  3151 | D        | Noticed a four-headed hydra
  3158 | D        | Killed a deep troll
  3162 | D        | Killed a four-headed hydra
  3286 | D        | Noticed an ophan
  3286 | D        | Noticed an ogre mage
  3286 | D        | Noticed an ogre
  3286 | D        | Noticed a two-headed ogre
  3286 | D        | Noticed an ogre
  3286 | D        | Noticed a two-headed ogre
  3286 | D        | Noticed an angel
  3286 | D        | Noticed a deep elf death mage
  3297 | D        | Killed an ophan
  3297 | D        | Reached XP level 13. HP: 124/124 MP: 19/19
  3307 | D        | Killed an angel
  3307 | D        | Reached skill level 5 in Evocations
  3310 | D        | Killed an ogre
  3315 | D        | Killed an ogre mage
  3321 | D        | Killed a ghostly ogre mage
  3323 | D        | Killed a two-headed ogre
  3334 | D        | Killed a deep elf death mage
  3334 | D        | Reached skill level 19 in Maces & Flails
  3339 | D        | Killed a two-headed ogre
  3341 | D        | Killed an ogre
  3346 | D        | Got the +4 long sword of the Fifty Suns {slice, -Tele rElec rC+ SInv}
  3569 | D        | Noticed Azrael
  3569 | D        | Noticed a fire elemental
  3569 | D        | Noticed a fire elemental
  3569 | D        | Noticed a hell hound
  3569 | D        | Noticed a fire elemental
  3569 | D        | Noticed a hell hound
  3569 | D        | Noticed an orc knight
  3569 | D        | Noticed an orc knight
  3569 | D        | Noticed an orc knight
  3569 | D        | Noticed an orc knight
  3569 | D        | Noticed an orc knight
  3570 | D        | Noticed an orc knight
  3570 | D        | Noticed an orc knight
  3570 | D        | Noticed an orc warlord
  3570 | D        | Noticed an orc warlord
  3573 | D        | Noticed a wizard
  3574 | D        | Killed a hell hound
  3581 | D        | Killed a hell hound
  3585 | D        | Killed a wizard
  3585 | D        | Received a gift from Okawaru
  3589 | D        | Noticed an orc knight
  3590 | D        | Killed an orc knight
  3591 | D        | Killed a fire elemental
  3596 | D        | Killed an orc knight
  3610 | D        | Killed a fire elemental
  3623 | D        | Killed an orc warlord
  3623 | D        | Received a gift from Okawaru
  3629 | D        | Killed an orc warlord
  3637 | D        | Killed a fire elemental
  3638 | D        | Killed Azrael
  3642 | D        | Killed an orc knight
  3713 | D        | Killed an orc knight
  3722 | D        | Killed an orc knight
  3727 | D        | Killed an orc knight
  3733 | D        | Killed an orc knight
  3739 | D        | Killed an orc knight
  3739 | D        | Reached skill level 15 in Fighting
  4033 | D        | Noticed a deep elf knight
  4041 | D        | Killed a deep elf knight
  4042 | D        | Noticed a naga warrior
  4043 | D        | Noticed a vault guard
  4048 | D        | Killed a vault guard
  4048 | D        | Reached skill level 20 in Shields
  4056 | D        | Noticed an orc knight
  4056 | D        | Noticed a fire crab
  4056 | D        | Killed a naga warrior
  4062 | D        | Noticed a naga warrior
  4065 | D        | Killed an orc knight
  4069 | D        | Killed a fire crab
  4094 | D        | Killed a naga warrior
  4095 | D        | Noticed a spriggan rider
  4104 | D        | Killed a wasp
  4107 | D        | Killed a spriggan
  4225 | D        | Noticed a deep elf knight
  4228 | D        | Noticed an orc knight
  4232 | D        | Noticed a green draconian
  4233 | D        | Killed a deep elf knight
  4234 | D        | Noticed an orc knight
  4239 | D        | Killed an orc knight
  4240 | D        | Noticed a steam dragon
  4240 | D        | Noticed an orc knight
  4252 | D        | Noticed a naga warrior
  4252 | D        | Killed a green draconian
  4267 | D        | Killed a steam dragon
  4271 | D        | Killed an orc knight
  4279 | D        | Killed a naga warrior
  4279 | D        | Received a gift from Okawaru
  4282 | D        | Killed an orc knight
  4283 | D        | Got a slimy flail {god gift}
  4288 | D        | Identified the +3 flail "Buax" {venom, rElec Int+3} (Okawaru gifted it to you in the Dungeon)
  4575 | D        | Noticed a guardian serpent
  4575 | D        | Noticed a great orb of eyes
  4575 | D        | Noticed a merfolk impaler
  4575 | D        | Noticed a merfolk
  4575 | D        | Noticed a redback
  4576 | D        | Noticed a merfolk
  4576 | D        | Noticed a merfolk
  4576 | D        | Noticed an orc warrior
  4576 | D        | Noticed a redback
  4576 | D        | Noticed an alligator
  4577 | D        | Noticed a redback
  4579 | D        | Killed a great orb of eyes
  4582 | D        | Killed a redback
  4587 | D        | Killed an alligator
  4587 | D        | Reached XP level 14. HP: 131/136 MP: 20/20
  4590 | D        | Killed a merfolk
  4592 | D        | Killed an orc warrior
  4593 | D        | Noticed a deep elf mage
  4594 | D        | Killed a redback
  4602 | D        | Killed a merfolk impaler
  4606 | D        | Killed a merfolk
  4609 | D        | Killed a merfolk
  4613 | D        | Killed a guardian serpent
  4616 | D        | Killed a redback
  4621 | D        | Killed a deep elf mage
  4643 | D        | Gained mutation: You evolve. [mutagenic meat]
  4644 | D        | Noticed a necromancer
  4648 | D        | Noticed a deep elf fighter
  4652 | D        | Noticed a deep elf demonologist
  4653 | D        | Gained mutation: You heal slowly when monsters are visible. [mutagenic meat]
  4659 | D        | Killed a necromancer
  4659 | D        | Reached skill level 21 in Shields
  4660 | D        | Gained mutation: You have a pair of large horns on your head. [mutagenic meat]
  4661 | D        | Gained mutation: You possess an exceptional clarity of mind. [mutagenic meat]
  4662 | D        | Gained mutation: You are partially covered in molten scales (AC +1). [mutagenic meat]
  4664 | D        | Noticed a deep elf knight
  4678 | D        | Killed a deep elf knight
  4683 | D        | Noticed a harpy
  4685 | D        | Noticed a harpy
  4686 | D        | Noticed a redback
  4686 | D        | Noticed a bone dragon
  4688 | D        | Killed a harpy
  4690 | D        | Noticed a troll
  4692 | D        | Gained mutation: Armour fits poorly on your strangely shaped body. [a neqoxec]
  4693 | D        | Noticed a bone dragon
  4694 | D        | Killed a redback
  4695 | D        | Noticed a hell knight
  4696 | D        | Noticed a deep elf knight
  4696 | D        | Killed a harpy
  4700 | D        | Noticed a hell knight
  4700 | D        | Noticed an Executioner
  4717 | D        | Killed a deep elf demonologist
  4730 | D        | Killed a bone dragon
  4747 | D        | Killed a deep elf knight
  4830 | D        | Killed a bone dragon
  4830 | D        | Reached skill level 15 in Dodging
  4849 | D        | Killed a hell knight
  5145 | D        | Lost mutation: Armour fits poorly on your strangely shaped body. [evolution]
  5459 | D        | Killed a deep elf fighter
  5459 | D        | Received a gift from Okawaru
  5460 | D        | Got a smelly chain mail {god gift}
  5471 | D        | Identified the +1 chain mail of Too Many Cooks {MR+} (Okawaru gifted it to you in the Dungeon)
  5521 | D        | Got the ring of the Serpent {rPois rF+ rC+ Dex-5}
  5561 | D        | Noticed a green draconian zealot
  5561 | D        | Noticed an orc knight
  5565 | D        | Killed a troll
  5566 | D        | Noticed a deep troll
  5567 | D        | Noticed Maud
  5569 | D        | Noticed a rust devil
  5573 | D        | Noticed a Killer Klown
  5582 | D        | Killed an orc knight
  5591 | D        | Killed Maud
  5607 | D        | Killed a green draconian zealot
  5617 | D        | Killed a rust devil
  5617 | D        | Reached skill level 22 in Armour
  5633 | D        | Killed a deep troll
  5643 | D        | Noticed a hell knight
  5643 | D        | Noticed a hell knight
  5643 | D        | Noticed a necromancer
  5643 | D        | Killed a Killer Klown
  5645 | D        | Noticed a hell knight
  5646 | D        | Noticed a deep elf annihilator
  5673 | D        | Killed a hell knight
  5678 | D        | Killed a hell knight
  5684 | D        | Killed a hell knight
  5699 | D        | Killed a deep elf annihilator
  5702 | D        | Noticed a hell knight
  5718 | D        | Killed a hell knight
  5733 | D        | Killed a necromancer
  5733 | D        | Reached skill level 10 in Evocations
  6199 | D        | Noticed an orc warrior
  6199 | D        | Noticed an orc wizard
  6200 | D        | Noticed an orc knight
  6200 | D        | Noticed an orc priest
  6204 | D        | Killed an orc wizard
  6212 | D        | Killed an orc knight
  6215 | D        | Killed an orc warrior
  6218 | D        | Killed an orc priest
  6234 | D        | Got the cursed +0 buckler of Marbles {-Cast MR+ Int+5}
  6269 | D        | Noticed a redback
  6275 | D        | Killed a redback
  6280 | D        | Noticed a harpy
  6289 | D        | Killed a harpy
  6309 | D        | Noticed a guardian serpent
  6310 | D        | Noticed a sea snake
  6310 | D        | Noticed a golden eye
  6317 | D        | Killed a guardian serpent
  6318 | D        | Killed a golden eye
  6324 | D        | Killed a sea snake
  6343 | D        | Lost mutation: You heal slowly when monsters are visible. [mutagenic meat]
  6344 | D        | Lost mutation: You have a pair of large horns on your head. [mutagenic meat]
  6345 | D        | Gained mutation: Your skin changes colour to match your surroundings (Stealth). [mutagenic meat]
  6346 | D        | Gained mutation: Your mind is acute. (Int +2) [mutagenic meat]
  6347 | D        | Gained mutation: You have a pair of large horns on your head. [mutagenic meat]
  6411 | D        | Noticed a yaktaur
  6412 | D        | Noticed a mottled draconian
  6412 | D        | Noticed a hell beast
  6412 | D        | Noticed an alligator snapping turtle
  6413 | D        | Noticed a spriggan rider
  6414 | D        | Noticed Lom Lobon
  6415 | D        | Noticed a spriggan rider
  6415 | D        | Noticed a balrug
  6415 | D        | Noticed a fire giant
  6423 | D        | Killed a hell beast
  6428 | D        | Killed a balrug
  6431 | D        | Killed a spriggan rider
  6431 | D        | Killed a wasp
  6431 | D        | Killed a yaktaur
  6439 | D        | Noticed a wolf spider
  6439 | D        | HP: 6/140 [spriggan rider/spear (10)]
  6443 | D        | Killed by an exploding ball lightning

Vault maps used:
D:        pitsprint

Action                   |  1- 3 |  4- 6 |  7- 9 | 10-12 | 13-15 || total
-------------------------+-------+-------+-------+-------+-------++-------
Melee: Mace              |    30 |    21 |    22 |       |       ||    73
       Flail             |     2 |       |       |       |       ||     2
       Morningstar       |       |       |    75 |   260 |       ||   335
       Demon whip        |       |       |       |   148 |   323 ||   471
       Eveningstar       |       |       |       |       |   209 ||   209
Throw: Javelin           |       |       |       |     5 |    10 ||    15
       Throwing net      |       |       |       |       |     4 ||     4
Invok: Heroism           |       |     1 |     6 |     8 |     9 ||    24
       Finesse           |       |       |       |     8 |     9 ||    17
 Abil: Evoke Invisibilit |       |       |       |       |     1 ||     1
  Use: Potion            |     1 |     3 |     1 |    15 |    11 ||    31
       Scroll            |       |       |     1 |     3 |     2 ||     6
 Stab: Invisible         |       |       |       |       |    13 ||    13
  Eat: Chunk             |       |       |     1 |     2 |    22 ||    25
       Bread ration      |       |       |     1 |     1 |       ||     2
       Meat ration       |       |       |       |       |     1 ||     1
